BSA
POCATELLO BELLAS @ SPRINGFIELD STARS
10/21/2030
 
TOP OF THE 1ST
Pocatello Bellas batting - Pitching for Springfield Stars : RHP Kyu-pyeong Pak
Pitching: RHP Kyu-pyeong Pak
Batting: RHB Buck Jones 0-0: Called Strike
0-1: Foul Ball, location: 2F
0-2: Foul Ball, location: 2F
0-2: Strikes out looking
Batting: LHB Chris Bates 0-0: Swinging Strike
0-1: Ground out 4-3 (Groundball, 4M)
Batting: RHB António Ortega 0-0: Called Strike
0-1: Ball
1-1: SINGLE (Line Drive, 4MD)
Batting: SHB Shane Hutchinson 0-0: Foul Ball, location: 2F
0-1: Ball
1-1: Foul Ball, location: 2F
1-2: Foul Ball, location: 2F
1-2: SINGLE (Groundball, 34D)
António Ortega to second
Runner from 2nd tries for 3rd, SAFE, no throw
Pinch Runner at 3rd Ryan Drake:
Batting: LHB Roberto García 0-0: Called Strike
0-1: Swinging Strike
0-2: Fly out, F4 (Line Drive, 4M)
Top of the 1st over - 0 runs, 2 hits, 0 errors, 2 left on base; Pocatello 0 - Springfield 0
BOTTOM OF THE 1ST
Springfield Stars batting - Pitching for Pocatello Bellas : LHP Hong-ryul Yun
Pitching: LHP Hong-ryul Yun
Batting: RHB Norberto Taváres 0-0: Called Strike
0-1: Swinging Strike
0-2: Ball
1-2: Ball
2-2: Strikes out swinging
Batting: SHB António De La Cruz 0-0: Ball
1-0: Foul Ball, location: 2F
1-1: SINGLE (Line Drive, 7LM)
Batting: LHB Derek Davidson 0-0: Called Strike
0-1: Ball
1-1: Called Strike
1-2: Ball
2-2: Ball
3-2: Strikes out looking
António De La Cruz steals 2nd base
Batter strikes out.
Batting: LHB Felipe Guerrero 0-0: Called Strike
0-1: Ball
1-1: Ball
2-1: Called Strike
2-2: SINGLE (Groundball, 4MD)
António De La Cruz to third
Runner from 3rd tries for Home, SAFE, no throw
Batting: LHB Elliott Newell 0-0: Called Strike
0-1: Ball
1-1: Foul Ball, location: 2F
1-2: Ball
Felipe Guerrero steals 2nd base
2-2: Ground out 1-3 (Groundball, P)
Bottom of the 1st over - 1 run, 2 hits, 0 errors, 1 left on base; Pocatello 0 - Springfield 1
TOP OF THE 2ND
Pocatello Bellas batting - Pitching for Springfield Stars : RHP Kyu-pyeong Pak
Batting: RHB Júlio Figueroa 0-0: Ball
1-0: Ball
2-0: SINGLE (Groundball, 5D)
Batting: RHB Francisco Ibarra 0-0: Ball
1-0: Ball
2-0: Fly out, F8 (Line Drive, 8RD)
Batting: RHB Lonnie Anderson 0-0: Foul Ball, location: 2F
0-1: Ball
1-1: Foul Ball, location: 2F
1-2: Foul Ball, location: 2F
1-2: Grounds into double play, 1-4-3 (Groundball, 15)
Top of the 2nd over - 0 runs, 1 hit, 0 errors, 0 left on base; Pocatello 0 - Springfield 1
BOTTOM OF THE 2ND
Springfield Stars batting - Pitching for Pocatello Bellas : LHP Hong-ryul Yun
Batting: LHB Jesús Tobías 0-0: Ground out 2-3 (Groundball, 15S)
Batting: RHB Calvin Bennett 0-0: Ball
1-0: Foul Ball, location: 2F
1-1: Ball
2-1: Ground out 5-3 (Groundball, 5L)
Batting: RHB Juan Carlos Rodríguez 0-0: Ground out 6-3 (Groundball, 6)
Bottom of the 2nd over - 0 runs, 0 hits, 0 errors, 0 left on base; Pocatello 0 - Springfield 1
TOP OF THE 3RD
Pocatello Bellas batting - Pitching for Springfield Stars : RHP Kyu-pyeong Pak
Batting: RHB Javier Deleón 0-0: Ball
1-0: Ball
2-0: Swinging Strike
2-1: Foul Ball, location: 2F
2-2: Strikes out swinging
Batting: RHB Buck Jones 0-0: Ball
1-0: Foul Ball, location: 2F
1-1: Ground out 5-3 (Groundball, 56S)
Batting: LHB Chris Bates 0-0: Ball
1-0: Called Strike
1-1: Ball
2-1: Called Strike
2-2: Foul Ball, location: 2F
2-2: SINGLE (Groundball, 34D)
Batting: LHB Ryan Drake 0-0: Called Strike
0-1: Ball
1-1: Ball
2-1: Ball
3-1: Called Strike
3-2: Base on Balls
Chris Bates to second
Batting: SHB Shane Hutchinson 0-0: Foul Ball, location: 2F
0-1: Foul Ball, location: 2F
0-2: Fielders Choice at 2nd, 6-4 (Groundball, 6)
Top of the 3rd over - 0 runs, 1 hit, 0 errors, 2 left on base; Pocatello 0 - Springfield 1
BOTTOM OF THE 3RD
Springfield Stars batting - Pitching for Pocatello Bellas : LHP Hong-ryul Yun
Batting: LHB Mike Pearson 0-0: Ball
1-0: Swinging Strike
1-1: Foul Ball, location: 2F
1-2: Ball
2-2: Strikes out swinging, 2-3 out at first.
Batting: RHB Norberto Taváres 0-0: Called Strike
0-1: Ball
1-1: Called Strike
1-2: Strikes out swinging
Batting: SHB António De La Cruz 0-0: Foul Ball, location: 2F
0-1: Called Strike
0-2: Foul Ball, location: 2F
0-2: Strikes out swinging
Bottom of the 3rd over - 0 runs, 0 hits, 0 errors, 0 left on base; Pocatello 0 - Springfield 1
TOP OF THE 4TH
Pocatello Bellas batting - Pitching for Springfield Stars : RHP Kyu-pyeong Pak
Batting: LHB Roberto García 0-0: Ground out 5-3 (Groundball, 56)
Batting: RHB Júlio Figueroa 0-0: Called Strike
0-1: Ground out 6-3 (Groundball, 56)
Batting: RHB Francisco Ibarra 0-0: Ball
1-0: SINGLE (Groundball, 4MD)
Batting: RHB Lonnie Anderson 0-0: Ball
1-0: Ball
2-0: DOUBLE (Flyball, 89D)
Francisco Ibarra to third
Runner from 3rd tries for Home, SAFE, no throw
Batting: RHB Javier Deleón 0-0: SINGLE (Groundball, 6D)
Lonnie Anderson to third
Runner from 3rd tries for Home, SAFE, no throw
Batting: RHB Buck Jones 0-0: Called Strike
0-1: Foul Ball, location: 2F
0-2: Foul Ball, location: 2F
0-2: Ball
1-2: Ball
2-2: SINGLE (Line Drive, 6MD)
Javier Deleón to second
Batting: LHB Chris Bates 0-0: Fly out, F7 (Flyball, 78M)
Top of the 4th over - 2 runs, 4 hits, 0 errors, 2 left on base; Pocatello 2 - Springfield 1
BOTTOM OF THE 4TH
Springfield Stars batting - Pitching for Pocatello Bellas : LHP Hong-ryul Yun
Batting: LHB Derek Davidson 0-0: Ball
1-0: Ball
2-0: SINGLE (Line Drive, 9S)
Batting: LHB Felipe Guerrero 0-0: Swinging Strike
0-1: Ball
1-1: Called Strike
1-2: Ball
2-2: Foul Ball, location: 2F
2-2: Foul Ball, location: 2F
2-2: Strikes out looking
Derek Davidson steals 2nd base
Batter strikes out.
Batting: LHB Elliott Newell 0-0: Ball
1-0: Called Strike
1-1: SINGLE (Groundball, 56D)
Derek Davidson to third
Batting: LHB Jesús Tobías 0-0: Ball
1-0: Ground out 4-3 (Groundball, 34)
Derek Davidson scores
Elliott Newell to second
Batting: RHB Calvin Bennett 0-0: Called Strike
0-1: Foul Ball, location: 2F
0-2: Foul Ball, location: 2F
0-2: Ball
1-2: Ball
2-2: SINGLE (Line Drive, 56)
Elliott Newell to third
Runner from 3rd tries for Home, SAFE, no throw
Batting: RHB Juan Carlos Rodríguez 0-0: Fly out, F8 (Flyball, 8RM)
Bottom of the 4th over - 2 runs, 3 hits, 0 errors, 1 left on base; Pocatello 2 - Springfield 3
TOP OF THE 5TH
Pocatello Bellas batting - Pitching for Springfield Stars : RHP Kyu-pyeong Pak
Batting: LHB Ryan Drake 0-0: Ball
1-0: Ball
2-0: Ball
3-0: SINGLE (Groundball, 34D)
Batting: SHB Shane Hutchinson 0-0: Called Strike
0-1: Swinging Strike
0-2: Ball
1-2: Fly out, F8 (Flyball, 8RM)
Pitching: RHP Luis Cortéz
Batting: LHB Roberto García 0-0: 2-RUN HOME RUN (Flyball, 9D), Distance : 359 ft
Batting: RHB Júlio Figueroa 0-0: Swinging Strike
0-1: Ball
1-1: Ball
2-1: Fly out, F8 (Flyball, 8LXD)
Batting: RHB Francisco Ibarra 0-0: Ball
1-0: Ball
2-0: Foul Ball, location: 2F
2-1: Foul Ball, location: 2F
2-2: Ball
3-2: Foul Ball, location: 2F
3-2: Strikes out looking
Top of the 5th over - 2 runs, 2 hits, 0 errors, 0 left on base; Pocatello 4 - Springfield 3
BOTTOM OF THE 5TH
Springfield Stars batting - Pitching for Pocatello Bellas : LHP Hong-ryul Yun
Batting: LHB Mike Pearson 0-0: Called Strike
0-1: Ball
1-1: Ball
2-1: Foul Ball, location: 2F
2-2: Strikes out looking
Batting: RHB Norberto Taváres 0-0: Called Strike
0-1: Foul Ball, location: 2F
0-2: Ball
1-2: Foul Ball, location: 2F
1-2: Ball
2-2: Foul Ball, location: 2F
2-2: Ball
3-2: Ground out 5-3 (Groundball, 56S)
Batting: SHB António De La Cruz 0-0: Ball
1-0: Ground out 4-3 (Groundball, 4S)
Bottom of the 5th over - 0 runs, 0 hits, 0 errors, 0 left on base; Pocatello 4 - Springfield 3
TOP OF THE 6TH
Pocatello Bellas batting - Pitching for Springfield Stars : RHP Luis Cortéz
Batting: RHB Lonnie Anderson 0-0: Hit by Pitch
Batting: RHB Javier Deleón 0-0: Ball
1-0: Called Strike
1-1: Swinging Strike
1-2: Strikes out swinging
Batting: RHB Buck Jones 0-0: SINGLE (Flyball, 78S)
Lonnie Anderson to second
Batting: LHB Chris Bates 0-0: SINGLE (Groundball, 4MD)
Lonnie Anderson to third
Buck Jones to second
Batting: LHB Ryan Drake 0-0: Ball
1-0: Foul Ball, location: 2F
1-1: TRIPLE (Flyball, 89XD)
Lonnie Anderson scores
Buck Jones scores
Chris Bates scores
Batting: SHB Shane Hutchinson 0-0: Intentional Walk
Pitching: RHP Todd Brewster
Batting: LHB Roberto García 0-0: Called Strike
0-1: SINGLE (Groundball, 34D)
Ryan Drake scores
Shane Hutchinson to second
Runner from 2nd tries for 3rd, SAFE, no throw
Batting: RHB Júlio Figueroa 0-0: Foul Ball, location: 2F
0-1: Fly out, F7 (Flyball, 7D)
Runner from 3rd tags up, SCORES, throw made
Now in LF: Gabriel Erwin
Batting: RHB Francisco Ibarra 0-0: Ball
1-0: Ball
2-0: Swinging Strike
2-1: Ball
3-1: Called Strike
3-2: Strikes out swinging
Top of the 6th over - 5 runs, 4 hits, 0 errors, 1 left on base; Pocatello 9 - Springfield 3
BOTTOM OF THE 6TH
Springfield Stars batting - Pitching for Pocatello Bellas : LHP Hong-ryul Yun
Batting: LHB Derek Davidson 0-0: Foul Ball, location: 2F
0-1: Called Strike
0-2: Strikes out swinging
Batting: RHB Gabriel Erwin 0-0: Swinging Strike
0-1: Foul Ball, location: 2F
0-2: SINGLE (Groundball, 6MD)
Batting: LHB Elliott Newell 0-0: Called Strike
0-1: Ball
1-1: Foul Ball, location: 2F
1-2: Foul Ball, location: 2F
1-2: Grounds into double play, 4-6-3 (Groundball, 4)
Bottom of the 6th over - 0 runs, 1 hit, 0 errors, 0 left on base; Pocatello 9 - Springfield 3
TOP OF THE 7TH
Pocatello Bellas batting - Pitching for Springfield Stars : RHP Todd Brewster
Batting: RHB Lonnie Anderson 0-0: Foul Ball, location: 2F
0-1: Foul Ball, location: 2F
0-2: Ball
1-2: Strikes out looking
Batting: RHB Javier Deleón 0-0: Ball
1-0: Ball
2-0: Foul Ball, location: 2F
2-1: Ball
3-1: Base on Balls
Batting: RHB Buck Jones 0-0: SINGLE (Line Drive, 6MD)
Javier Deleón to second
Batting: LHB Chris Bates 0-0: Swinging Strike
0-1: Swinging Strike
0-2: Ball
1-2: Foul Ball, location: 2F
1-2: Foul Ball, location: 2F
1-2: Ball
2-2: Foul Ball, location: 2F
2-2: DOUBLE (Line Drive, 9LM)
Javier Deleón scores
Buck Jones to third
Runner from 3rd tries for Home, SAFE, no throw
Pitching: LHP Marcos Flores
Batting: LHB Ryan Drake 0-0: SINGLE (Line Drive, 4M)
Chris Bates to third
Runner from 3rd tries for Home, SAFE, no throw
Batting: SHB Shane Hutchinson 0-0: Ball
1-0: Swinging Strike
1-1: Ball
2-1: Ball
3-1: Called Strike
3-2: Foul Ball, location: 2F
3-2: Base on Balls
Ryan Drake to second
Batting: LHB Roberto García 0-0: SINGLE (Groundball, 5D)
Ryan Drake to third
Shane Hutchinson to second
Batting: RHB Júlio Figueroa 0-0: Ball
1-0: Called Strike
1-1: Foul Ball, location: 2F
1-2: Strikes out looking
Pitching: LHP Valentín Reséndez
Batting: RHB Francisco Ibarra 0-0: Ball
1-0: Called Strike
1-1: Called Strike
1-2: Strikes out swinging
Top of the 7th over - 3 runs, 4 hits, 0 errors, 3 left on base; Pocatello 12 - Springfield 3
BOTTOM OF THE 7TH
Springfield Stars batting - Pitching for Pocatello Bellas : LHP Hong-ryul Yun
Batting: LHB Jesús Tobías 0-0: Called Strike
0-1: Called Strike
0-2: Foul Ball, location: 2F
0-2: SINGLE (Line Drive, 4MD)
Batting: RHB Calvin Bennett 0-0: Fly out, F9 (Flyball, 9LM)
Batting: RHB Juan Carlos Rodríguez 0-0: SINGLE (Groundball, 5) (infield hit)
Jesús Tobías to second
Batting: LHB Mike Pearson 0-0: Called Strike
0-1: Ball
1-1: Ball
2-1: Fly out, F7 (Flyball, 7LM)
Batting: RHB Norberto Taváres 0-0: Ball
1-0: Ball
2-0: Ball
3-0: Called Strike
3-1: Base on Balls
Jesús Tobías to third
Juan Carlos Rodríguez to second
Batting: SHB António De La Cruz 0-0: Ball
1-0: Foul Ball, location: 2F
1-1: SINGLE (Groundball, 4MD)
Jesús Tobías scores
Juan Carlos Rodríguez to third
Norberto Taváres to second
Runner from 3rd tries for Home, throw and OUT!
Bottom of the 7th over - 1 run, 3 hits, 0 errors, 2 left on base; Pocatello 12 - Springfield 4
TOP OF THE 8TH
Pocatello Bellas batting - Pitching for Springfield Stars : LHP Valentín Reséndez
Batting: RHB Lonnie Anderson 0-0: Ball
1-0: Ball
2-0: Called Strike
2-1: Foul Ball, location: 2F
2-2: Ball
3-2: Foul Ball, location: 2F
3-2: Strikes out swinging
Batting: RHB Javier Deleón 0-0: Ball
1-0: Ball
2-0: Foul Ball, location: 2F
2-1: Ball
3-1: Foul Ball, location: 2F
3-2: Base on Balls
Batting: RHB Buck Jones 0-0: Called Strike
0-1: Ball
1-1: Ball
Wild Pitch!
Javier Deleón to second
2-1: Foul Ball, location: 2F
2-2: Ground out 6-3 (Groundball, 6)
Javier Deleón to third
Pinch Hitting: LHB José Rivas 0-0: Ground out 6-3 (Groundball, 6M)
Top of the 8th over - 0 runs, 0 hits, 0 errors, 1 left on base; Pocatello 12 - Springfield 4
BOTTOM OF THE 8TH
Springfield Stars batting - Pitching for Pocatello Bellas : LHP Hong-ryul Yun
Now at 3B: Juan Castro
Now in LF: José Rivas
Batting: LHB Derek Davidson 0-0: Foul Ball, location: 2F
0-1: Foul Ball, location: 2F
0-2: Foul Ball, location: 2F
0-2: Strikes out swinging
Batting: RHB Gabriel Erwin 0-0: Ball
1-0: Ball
2-0: SINGLE (Line Drive, 7LS)
Pitching: RHP Jing-xiang Fa
Batting: LHB Elliott Newell 0-0: Grounds into double play, 1-6-3 (Groundball, 13)
Bottom of the 8th over - 0 runs, 1 hit, 0 errors, 0 left on base; Pocatello 12 - Springfield 4
TOP OF THE 9TH
Pocatello Bellas batting - Pitching for Springfield Stars : LHP Valentín Reséndez
Batting: LHB Ryan Drake 0-0: Called Strike
0-1: Ball
1-1: Ball
2-1: Foul Ball, location: 2F
2-2: Foul Ball, location: 2F
2-2: Foul Ball, location: 2F
2-2: Strikes out swinging
Batting: SHB Shane Hutchinson 0-0: Fly out, F9 (Flyball, 89S)
Batting: LHB Roberto García 0-0: Called Strike
0-1: Ball
1-1: Foul Ball, location: 2F
1-2: Foul Ball, location: 2F
1-2: Ball
2-2: Fly out, F8 (Flyball, 8RXD)
Top of the 9th over - 0 runs, 0 hits, 0 errors, 0 left on base; Pocatello 12 - Springfield 4
BOTTOM OF THE 9TH
Springfield Stars batting - Pitching for Pocatello Bellas : RHP Jing-xiang Fa
Batting: LHB Jesús Tobías 0-0: Foul Ball, location: 2F
0-1: Swinging Strike
0-2: Ball
1-2: Fly out, F3 (Popup, 3L)
Batting: RHB Calvin Bennett 0-0: Ball
1-0: Ball
2-0: Foul Ball, location: 2F
2-1: Ball
3-1: Base on Balls
Batting: RHB Juan Carlos Rodríguez 0-0: Called Strike
0-1: Ground out 5-3 (Groundball, 56S)
Calvin Bennett to second
Batting: LHB Mike Pearson 0-0: Ball
1-0: Called Strike
1-1: Foul Ball, location: 2F
1-2: Foul Ball, location: 2F
1-2: Strikes out swinging
Bottom of the 9th over - 0 runs, 0 hits, 0 errors, 1 left on base; Pocatello 12 - Springfield 4
Saturday, April 7th, 2018 - OOTP Baseball 18.8 Build 76